 Dungeon Crawl Stone Soup version 0.27.1-3-gb3d3a73c9e (webtiles) character file.

Game seed: 3363032899203454197

191 H0rd4k the Charlatan (level 6, 0/44 HPs)
             Began as a Human Artificer on Oct 22, 2021.
             Was an Initiate of Gozag.
             Slain by a gnoll (8 damage)
             ... on level 3 of the Dungeon.
             The game lasted 00:03:49 (4149 turns).

H0rd4k the Charlatan (Human Artificer)              Turns: 4149, Time: 00:03:49

Health: 0/44       AC:  5    Str: 13    XL:     6   Next: 2%
Magic:  6/6        EV: 12    Int: 12    God:    Gozag
Gold:   76         SH:  0    Dex: 14    Spells: 5/5 levels left

rFire    . . .     SeeInvis .   r - +0 short sword
rCold    . . .     Faith    .   (no shield)
rNeg     . . .     Spirit   .   b - +0 leather armour
rPois    .         Reflect  .   f - +1 helmet
rElec    .         Harm     .   (no cloak)
rCorr    .         Rampage  .   (no gloves)
Will     .....                  (no boots)
Stlth    +.........             (no amulet)
HPRegen  0.14/turn              (no ring)
MPRegen  0.10/turn              (no ring)

@: no status effects
A: no striking features
a: Renounce Religion, Potion Petition, Call Merchant, Bribe Branch


You were on level 3 of the Dungeon.
You worshipped Gozag.
Gozag was noncommittal.
You visited 2 branches of the dungeon, and saw 5 of its levels.

You collected 101 gold pieces.
You paid 25 gold pieces to Gozag.

Inventory:

Hand Weapons
 r - a +0 short sword (weapon)
Missiles
 q - 15 poisoned darts (quivered)
Armour
 b - a +0 leather armour (worn)
 f - a +1 helmet (worn)
 k - a +0 helmet
Wands
 d - a wand of charming (11)
 m - a wand of iceblast (11)
 p - a wand of acid (8)
Scrolls
 a - 2 scrolls of teleportation {unknown}
 g - a scroll of fear {unknown}
 i - a scroll of blinking {unknown}
 l - 3 scrolls of identify {unknown}
 n - a scroll of noise {unknown}
 o - a scroll of silence {unknown}
Potions
 h - 3 potions of curing {unknown}
 j - a potion of might {unknown}
Miscellaneous
 e - a piece from Xom's chessboard (15/15)


   Skills:
 + Level 2.1 Fighting
 + Level 2.4 Short Blades
 + Level 0.2 Throwing
 - Level 2.0 Armour
 + Level 2.8 Dodging
 - Level 1.0 Stealth
 + Level 4.2 Evocations


You had 5 spell levels left.
You didn't know any spells.
Your spell library was empty.

Dungeon Overview and Level Annotations

Branches:
Dungeon (4/15)             Temple (1/1) D:4

Altars:
Ashenzari
Dithmenos
Elyvilon
Fedhas
Gozag
Kikubaaqudgha
Makhleb
Okawaru
Qazlal
Ru
Trog
Uskayaw
Vehumet
Xom
Yredelemnul
Zin
The Shining One

Shops:
D:3 !


Message History

You climb downwards.
The giant cockroach closely misses you. The gnoll hits you with a +0 flail.
The giant cockroach closely misses you.
There is a stone staircase leading up, spattered with blood here.
The gnoll barely misses you. The giant cockroach closely misses you.
You climb upwards.
There is a stone staircase leading down here.
The gnoll hits you with a +0 flail. The gnoll barely misses you.
The gnoll hits you with a +0 flail!
You hit the gnoll.
The gnoll is lightly wounded.
The gnoll misses you.
You hit the gnoll.
The gnoll is moderately wounded.
The gnoll closely misses you.
You hit the gnoll.
The gnoll is severely wounded.
The gnoll hits you with a +0 flail.
You closely miss the gnoll.
The gnoll is severely wounded.
The gnoll hits you with a +0 flail!
You hit the gnoll.
The gnoll is severely wounded.
The gnoll misses you.
You hit the gnoll.
The gnoll is severely wounded.
The gnoll barely misses you.
You completely miss the gnoll.
The gnoll is severely wounded.
The gnoll closely misses you.
You closely miss the gnoll.
The gnoll is severely wounded.
The gnoll hits you with a +0 flail!
* * * LOW HITPOINT WARNING * * *
Aiming: Charm
Press: ? - help, Shift-Dir - straight line, f - gnoll
Aim: a gnoll, wielding a +0 flail (severely wounded, chance to affect: 67%)
The gnoll struggles to resist.
The gnoll hits you with a +0 flail!
You die...
Your body crumbles into a pile of gold.

.#.8.###.⌠.#.#.#
..#.#.###.#....#
#.####.####.#..#
##.##.⌠.##.##..#
##.##.##.###..###
####..#...# ##>..#
..........######B#
............# #g#
............# #@#
............# #.#
............# #.#
............# #.#
.......#########.#
.....[...........#
.......#############
...................#
.......###########.#


You could see a gnoll and a giant cockroach.

Vanquished Creatures
  A phantom (D:3)
  A hound (D:3)
  An adder (D:2)
  2 gnolls (D:4)
  2 worms (D:2)
  A dart slug (D:3)
  2 orcs (D:3)
  5 ball pythons
  6 bats
  7 endoplasms
  A giant cockroach (D:1)
  3 goblins
  4 hobgoblins
  3 kobolds
  3 quokkas (D:3)
  4 rats
46 creatures vanquished.

Vanquished Creatures (collateral kills)
  A quokka (D:3)
1 creature vanquished.

Vanquished Creatures (others)
  An orc (D:3)
1 creature vanquished.

Grand Total: 48 creatures vanquished

Notes
Turn   | Place    | Note
-------+----------+-------------------------------------------
     0 | D:1      | H0rd4k the Human Artificer began the quest for the Orb.
     0 | D:1      | Reached XP level 1. HP: 15/15 MP: 1/1
   278 | D:1      | Reached XP level 2. HP: 20/21 MP: 2/2
  1122 | D:2      | Reached XP level 3. HP: 24/26 MP: 3/3
  1397 | D:2      | Found a glowing silver altar of Zin.
  1802 | D:2      | Reached skill level 4 in Evocations
  1803 | D:2      | You fall into a shaft and drop 1 floor!
  2155 | D:3      | Reached XP level 4. HP: 11/32 MP: 4/4
  2804 | D:3      | Reached skill level 1 in Short Blades
  3451 | D:3      | Reached XP level 5. HP: 38/38 MP: 5/5
  3500 | D:3      | Found Amow's Distillery.
  3612 | D:4      | Noticed a phantom
  3660 | D:4      | Found a staircase to the Ecumenical Temple.
  3669 | Temple   | Entered the Ecumenical Temple
  3802 | Temple   | Became a worshipper of Gozag Ym Sagoz the Greedy
  3955 | D:3      | Killed a phantom
  3956 | D:3      | Reached XP level 6. HP: 20/44 MP: 6/6
  4149 | D:3      | Slain by a gnoll

Illustrated notes

Levels and vault maps discovered:
D:1:      dpeg_arrival_oval, layout_basic, serial_bayou_pond_d,
          minmay_tetromino_i2
D:2:      layout_basic, basic_altar, minmay_crystal_room, uniq_sigmund
D:3:      layout_basic, serial_shops, shop, grunt_decor_mini_mirrors,
          grunt_decor_resistance
D:4:      layout_basic, minmay_temple_entry_wispy, minmay_crossroads
Temple:   minmay_crystal_spiral_temple

Skill      XL: |  1  2  3  4  5 |
---------------+----------------+-----
Evocations     | 4 |  4.2
Short Blades   | 1 2 |  2.4
Dodging        | 2 |  2.8
Fighting       | 2 |  2.1
Throwing       | |  0.2
Armour         | |  2.0
Stealth        | |  1.0

Action                   |  1- 3 |  4- 6 || total
-------------------------+-------+-------++-------
Melee: Club              |    30 |       ||    30
       Dagger            |   144 |    27 ||   171
       Short sword       |       |    61 ||    61
Throw: Dart              |       |     3 ||     3
Evoke: Wand              |     8 |    12 ||    20
 Stab: Sleeping          |     1 |     1 ||     2
Armor: Leather armour    |    70 |    11 ||    81
Dodge: Dodged            |   118 |    52 ||   170
